[Event "*** Titled Tuesday 3|2 Blitz"]
[Site "Chess.com"]
[Date "2015.06.02"]
[Round "2"]
[White "MFBerna"]
[Black "Vandros57"]
[Result "1-0"]
[WhiteElo "1946"]
[BlackElo "1842"]
[TimeControl "180+2"]
[EndTime "11:23:25 PDT"]
[Termination "MFBerna won on time"]

1. e4 c5 2. Nf3 d6 3. d4 cxd4 4. Nxd4 Nf6 5. Nc3 e5 6. Nb3 Be7 7. Be2 O-O 8. O-O b6 9. Bf3 Bb7 10. Qe2 Nbd7 11. Rd1 a6 12. a4 Qc7 13. Nd2 Nc5 14.
Nf1 Rfd8 15. Bg5 h6 16. Bxf6 Bxf6 17. Nd5 Bxd5 18. Rxd5 Bg5 19. g3 a5 20. Ne3 Bxe3 21. Qxe3 Rac8 22. Bg4 Ne6 23. c3 Qb8 24. Rad1 Rc5 25.
Qd2 Rxd5 26. Qxd5 Nc5 27. Qc6 Qb7 28. Qxb7 Nxb7 29. b4 Ra8 30. Bd7 Kf8 31. Bc6 Rb8 32. Bxb7 Rxb7 33. Rxd6 Ke7 34. Rd5 f6 35. bxa5 bxa5 36.
Rxa5 Rb1+ 37. Kg2 g5 38. Ra7+ Kd6 39. Rh7 Ra1 40. Rxh6 Ke6 41. Rh8 Rxa4 42. Re8+ Kf7 43. Rc8 Rxe4 44. c4 g4 45. c5 Rc4 46. h4 gxh3+ 47.
Kxh3 f5 48. c6 e4 49. c7 Ke7 50. Kg2 Kd7 51. Rf8 Rxc7 52. Rxf5 Ke6 53. g4 Rc2 54. Kg3 Rc3+ 55. Kf4 1-0

[Event "*** Titled Tuesday 3|2 Blitz"]
[Site "Chess.com"]
[Date "2015.06.02"]
[Round "2"]
[White "Cruel_Yaro"]
[Black "petrpalachev"]
[Result "1-0"]
[WhiteElo "2541"]
[BlackElo "2379"]
[TimeControl "180+2"]
[EndTime "11:23:34 PDT"]
[Termination "Cruel_Yaro won on time"]

1. e4 c6 2. d4 d5 3. e5 Bf5 4.
h4 Qb6 5. a4 a6 6. a5 Qc7 7. c4 Bxb1 8. Rxb1 Qxa5+ 9. Bd2 Qc7 10. e6 fxe6 11. Qh5+ g6 12. Qe2 e5 13. dxe5 e6 14.
h5 Bg7 15. Nf3 Nd7 16. Ng5 Qxe5 17. Nxe6 Qxe2+ 18. Bxe2 Kf7 19. cxd5 cxd5 20. Ng5+ Ke8 21. Rc1 Bxb2 22. Rc7 Ne7 23. Rxb7 Be5 24. Bb4 Nc6 25. Ba3 Rb8 26. Bxa6 Rxb7 27. Bxb7 Nd4 28. Kf1 Bf6 29. Bb2 Bxg5 30. Bxd4 Rf8 31. hxg6 hxg6 32. Bxd5 Bf6 33. Be3 Ke7 34. Be4 Ne5 35. Rh7+ Ke6 36. Ra7 Rd8 37.
f3 Rd6 38. Rc7 Rd7 39. Rc8 Rd8 40. Rc2 Rd1+ 41. Ke2 Rd8 42. Ra2 Kf7 43. Ra7+ Rd7 44. Ra6 Nc4 45. Bf4 g5 46. Bc1 Rd6 47. Ra7+ Ke6 48.
Ra4 Ne5 49. Bb1 Rc6 50. Bd2 Rb6 51. Ba2+ Ke7 52. Bb4+ Kd7 53. Bd5 Nc6 54. Bd2 Nd4+ 55. Kd3 Nf5 56. Ke4 Ne7 57. Bc4 Rd6 58. Be3 1-0

[Event "*** Titled Tuesday 3|2 Blitz"]
[Site "Chess.com"]
[Date "2015.06.02"]
[Round "2"]
[White "E-Shaposhnikov"]
[Black "TomsKantans"]
[Result "0-1"]
[WhiteElo "2239"]
[BlackElo "2294"]
[TimeControl "180+2"]
[EndTime "11:23:58 PDT"]
[Termination "TomsKantans won by checkmate"]

1. Nf3 Nf6 2. c4 c5 3. Nc3 d5 4. cxd5 Nxd5 5. e3 Nxc3 6. bxc3 g6 7. d4 Bg7 8. Bb5+ Bd7 9. Qb3 O-O 10. O-O Nc6 11. Ba3 b6 12. Rfd1 Qc7 13. Rac1 Rfd8 14. dxc5 Be8 15. cxb6 axb6 16. c4 Rxd1+ 17. Rxd1 Na5 18. Qa4 Bxb5 19. cxb5 Bf6 20. Bb4 Qc4 21. a3 Kg7 22. h3 h5 23. Rb1 Qe4 24. Qd1 Nc4 25.
Nd2 Nxd2 26. Bxd2 Rxa3 27. Bb4 Rd3 28. Qf1 Qd5 29. Be1 Rb3 30. Rxb3 Qxb3 31. Qe2 Qb1 32. Kh2 Be5+ 33. f4 Bf6 34. e4 Bd4 35. g3 e5 36. Kg2 exf4 37. gxf4 Qb3 38. f5 Be5 39.
Bf2 gxf5 40. exf5 Qd5+ 41. Qf3 Qxb5 42. Qxh5 Qd5+ 43. Kf1 b5 44. Qg4+ Kf8 45. Qb4+ Bd6 46. Qc3 Qxf5 47. Qh8+ Ke7 48. Qh4+ Kd7 49. Ke2 b4 50.
Bd4 Qe6+ 51. Kd3 Qb3+ 52. Ke4 Qc2+ 53. Ke3 b3 54. Qg4+ f5 55. Qg7+ Kc6 56. Qf6 Kd5 57.
Bc3 Qe4+ 58. Kf2 Bc5+ 59. Kg3 Kc4 60. Bb2 Be3 61. Qa6+ Kd5 62. Qb7+ Kc4 63. Qa6+ Kd5 64. Qb5+ Ke6 65. Qxb3+ Ke7 66. Qa3+ Kd7 67. Qc3 Qf4+ 68. Kg2 Qf2+ 69. Kh1 Qg1# 0-1

[Event "*** Titled Tuesday 3|2 Blitz"]
[Site "Chess.com"]
[Date "2015.06.02"]
[Round "2"]
[White "Dlugy"]
[Black "Aygehovit1992"]
[Result "0-1"]
[WhiteElo "2556"]
[BlackElo "2426"]
[TimeControl "180+2"]
[EndTime "11:24:44 PDT"]
[Termination "Aygehovit1992 won on time"]

1. d4 Nf6 2. c4 g6 3. Nc3 Bg7 4. e4 d6 5. f3 O-O 6. Be3 Nc6 7. Nge2 a6 8. a3 Rb8 9. b4 e6 10. Qd2 Bd7 11. Rd1 b5 12. cxb5 axb5 13. Nc1 Ne7 14.
Nb3 Ne8 15. Be2 f5 16. O-O Nf6 17. Kh1 Qc8 18. Bh6 Qa6 19. Bxg7 Kxg7 20. a4 fxe4 21. fxe4 Qa8 22. e5 Nfd5 23. Rxf8 Rxf8 24. axb5 Nxc3 25.
Qxc3 Nd5 26. Qg3 Nf4 27. exd6 cxd6 28. Bf1 Qa4 29. Rc1 Qxb4 30. Rc7 Rf7 31. h3 Nh5 32.
Qd3 Rxf1+ 33. Kh2 Rf7 34. Rb7 Qe1 35. b6 Qf2 36. Rc7 Qf4+ 37. Kg1 d5 38. Nc5 Qc1+ 39. Kh2 Rf1 40. Rxd7+ Kh6 41. Qxf1 Qxf1 42. Nxe6 Nf4 43. Nxf4 Qxf4+ 44. Kh1 Qf1+ 45. Kh2 Qf4+ 46. Kh1 Qxd4 47. b7 Qb6 48. h4 Kh5 49. Rxh7+ Kg4 50. Kh2 d4 51. Rd7 Kf4 52. Rxd4+ Ke3 53. Rg4 Qd6+ 54. Kg1 Qb6 55. Rxg6 Qxb7 56. Rf6 Qb1+ 57. Rf1 Qb6 58. Rf3+ Ke2+ 59. Kh2 Qh6 60. h5 Qxh5+ 61. Rh3 Qg4 62. Rf3 Qg5 63. Rh3 Qe5+ 64. Kg1 Qa1+ 65. Kh2 Qe1 66. Rf3 Qh4+ 67. Rh3 Qe4 68. Rf3 Qe5+ 69. Kg1 Ke1 70. Rh3 Qd4+ 71. Kh1 Qd1 72. Rf3 Ke2+ 73. Kh2 Qd5 74. Rh3 Qe5+ 75. Kg1 Ke1 76. Re3+ Qxe3+ 0-1

[Event "*** Titled Tuesday 3|2 Blitz"]
[Site "Chess.com"]
[Date "2015.06.02"]
[Round "2"]
[White "Keaton87"]
[Black "GeorgMeier"]
[Result "0-1"]
[WhiteElo "2406"]
[BlackElo "2738"]
[TimeControl "180+2"]
[EndTime "11:24:47 PDT"]
[Termination "GeorgMeier won by resignation"]

1. d4 e6 2. e4 d5 3. Nd2 dxe4 4. Nxe4 Nd7 5. Bd3 Ngf6 6. Qe2 c5 7. Nf3 cxd4 8.
Nxd4 Nxe4 9. Qxe4 a6 10. Nb3 Bd6 11. Bf4 Nf6 12. Qf3 e5 13. Bg5 h6 14. Bxf6 Qxf6 15. Qxf6 gxf6 16. O-O-O Ke7 17. Na5 Bc5 18. Rhf1 f5 19.
Nc4 Kf6 20. Be2 Be6 21. Nd6 b5 22. g4 Bxd6 23. gxf5 Bc5 24. fxe6 Kxe6 25. Bf3 Rad8 26. c3 a5 27. Bc6 b4 28. cxb4 axb4 29. Bb5 f5 30. Bc4+ Kf6 31. Kc2 Rxd1 32. Kxd1 h5 33. Ke2 Rd8 34. Rg1 Rd4 35. Bd3 Rh4 36. Rg2 e4 37.
Bc2 Bd6 38. f3 exf3+ 39. Kxf3 Rh3+ 40. Ke2 Be5 41. b3 Rxh2 42. Rxh2 Bxh2 43. Kf3 Be5 44. Bd3 Kg5 45. Bb5 h4 46. Bd7 h3 47.
Bc8 h2 48. Kg2 Bf4 49. Bb7 Kf6 50. Kf2 Ke5 51. Kg2 Kd4 52. Bc8 Ke4 53. Bd7 Bd6 54.
Bc8 Ke5 55. Bd7 Kf6 56. Bc8 Bg3 57. Bb7 f4 58. Kf1 Ke5 59. Ke2 Kd4 60. Kd2 Bf2 61. Bf3 Be3+ 62. Ke2 Kc3 63. Bd5 Kc2 64. Kf1 Kd2 65. Bc6 Bg1 66. Bb7 Ke3 67. Kg2 Ke2 68. Bf3+ Kd3 69. Bc6 Ke3 70. Bb7 f3+ 71. Bxf3 h1=Q+ 72.
Kxh1 Kxf3 73. Kxg1 Ke2 74. Kg2 Kd2 75. Kf3 Kc3 76.
Ke4 Kb2 77. Kd3 Kxa2 78. Kc2 Ka3 79. Kb1 Kxb3 80. Ka1 Kc2 81. Ka2 b3+ 82. Ka1 b2+ 0-1

[Event "*** Titled Tuesday 3|2 Blitz"]
[Site "Chess.com"]
[Date "2015.06.02"]
[Round "3"]
[White "ruifeng"]
[Black "WanderingPuppet"]
[Result "1-0"]
[WhiteElo "2066"]
[BlackElo "2129"]
[TimeControl "180+2"]
[EndTime "11:28:31 PDT"]
[Termination "ruifeng won by resignation"]

1. e4 c5 2. Nc3 e6 3. g3 Nc6 4. Bg2 g6 5. d3 Bg7 6. Be3 Qa5 7.
Qd2 Nge7 8. Nge2 O-O 9. O-O d6 10. Bh6 b5 11. Bxg7 Kxg7 12. f4 b4 13. Nd1 Rb8 14.
Ne3 f5 15. exf5 gxf5 16. g4 Bb7 17. Ng3 Nd4 18. Bxb7 Rxb7 19. gxf5 Nexf5 20. Ngxf5+ Nxf5 21. Nxf5+ Rxf5 22. Qg2+ Kh6 23. Qxb7 Qd8 24. Kh1 Qh4 25. Rg1 1-0

[Event "*** Titled Tuesday 3|2 Blitz"]
[Site "Chess.com"]
[Date "2015.06.02"]
[Round "3"]
[White "lexiel"]
[Black "AnastasiaProtopopova"]
[Result "1-0"]
[WhiteElo "1893"]
[BlackElo "1891"]
[TimeControl "180+2"]
[EndTime "11:28:47 PDT"]
[Termination "lexiel won by resignation"]

1. d4 Nf6 2. Nf3 e6 3. g3 d5 4. Bg2 Be7 5. O-O b5 6. a4 b4 7. c4 bxc3 8. bxc3 Ba6 9. Re1 O-O 10. Ne5 Nfd7 11. Nd3 c5 12. e4 cxd4 13. exd5 Bb7 14. d6 Bxg2 15. dxe7 Qxe7 16. Kxg2 dxc3 17. Nxc3 Nc6 18.
Ba3 Qf6 19. Ne4 1-0

[Event "*** Titled Tuesday 3|2 Blitz"]
[Site "Chess.com"]
[Date "2015.06.02"]
[Round "3"]
[White "Fh2411"]
[Black "amandarm"]
[Result "0-1"]
[WhiteElo "2067"]
[BlackElo "2109"]
[TimeControl "180+2"]
[EndTime "11:29:00 PDT"]
[Termination "amandarm won - game abandoned"]

1. d4 Nf6 2. Nf3 c5 3. c3 e6 4. Bg5 Be7 5. e3 O-O 6. Nbd2 Nc6 7. Bd3 h6 8. Bh4 Nh5 9. Bxe7 Qxe7 10. O-O b6 11.
Ne5 Nf6 12. f4 Bb7 13. Qe2 Rac8 0-1

[Event "*** Titled Tuesday 3|2 Blitz"]
[Site "Chess.com"]
[Date "2015.06.02"]
[Round "3"]
[White "patzerplay"]
[Black "SGQ"]
[Result "1-0"]
[WhiteElo "2184"]
[BlackElo "1996"]
[TimeControl "180+2"]
[EndTime "11:29:17 PDT"]
[Termination "patzerplay won by resignation"]

1. e4 e6 2. d4 d5 3. Nc3 Nc6 4. Nge2 dxe4 5. Nxe4 Nf6 6. Bg5 Be7 7. Bxf6 gxf6 8. c3 f5 9. N4g3 h5 10. Nf4 h4 11.
Ngh5 Rg8 12. Bb5 Bd7 13. Qe2 a6 14. Bc4 Bg5 15. d5 Na5 16. dxe6 fxe6 17. Nxe6 Bxe6 18.
Bxe6 Qe7 19. Bxg8 1-0

[Event "*** Titled Tuesday 3|2 Blitz"]
[Site "Chess.com"]
[Date "2015.06.02"]
[Round "3"]
[White "petrpalachev"]
[Black "Ar4uha"]
[Result "0-1"]
[WhiteElo "2372"]
[BlackElo "2455"]
[TimeControl "180+2"]
[EndTime "11:29:26 PDT"]
[Termination "Ar4uha won by resignation"]

1. d4 Nf6 2. c4 e6 3. Nf3 b6 4. g3 Ba6 5. Qa4 c5 6. Bg2 Bb7 7. dxc5 bxc5 8. O-O Be7 9. Nc3 O-O 10. Bf4 Qb6 11. Rfd1 d5 12. cxd5 exd5 13. Qb5 d4 14.
Qxb6 axb6 15. Nb5 Nbd7 16. Ne5 Bxg2 17. Kxg2 Nxe5 18. Bxe5 Nd5 19. Nc7 Nxc7 20. Bxc7 Rfc8 21. Bf4 Bf6 22. e3 g5 23. Bxg5 Bxg5 24. exd4 c4 25. d5 Bf6 26. d6 Bxb2 27. d7 Rd8 28.
Rab1 c3 0-1

[Event "*** Titled Tuesday 3|2 Blitz"]
[Site "Chess.com"]
[Date "2015.06.02"]
[Round "3"]
[White "Tal-Baronfew"]
[Black "Hikaru"]
[Result "1-0"]
[WhiteElo "2628"]
[BlackElo "2804"]
[TimeControl "180+2"]
[EndTime "11:29:39 PDT"]
[Termination "Tal-Baronfew won by resignation"]

1. d4 d6 2. e4 g6 3. Nc3 a6 4. f4 b5 5. Nf3 Nd7 6. Bd3 c5 7. e5 cxd4 8. Be4 dxc3 9. Bxa8 dxe5 10. Nxe5 Bg7 11. O-O Nxe5 12. Qxd8+ Kxd8 13. fxe5 Bxe5 14. bxc3 Bxc3 15. Rb1 Be6 16. a4 Ba2 17. Bb2 Bxb2 18. Rxb2 Bc4 19. Rd1+ Kc7 20. axb5 Bxb5 21. c4 Nf6 22.
cxb5 Rxa8 23. Rc2+ Kb6 24. bxa6 Re8 25. a7 Kb7 26.
a8=Q+ 1-0

[Event "*** Titled Tuesday 3|2 Blitz"]
[Site "Chess.com"]
[Date "2015.06.02"]
[Round "3"]
[White "jcibarra"]
[Black "DanielNaroditsky"]
[Result "1/2-1/2"]
[WhiteElo "2542"]
[BlackElo "2534"]
[TimeControl "180+2"]
[EndTime "11:29:51 PDT"]
[Termination "Game drawn by agreement"]

1. e4 e5 2. Nf3 Nc6 3. Bb5 a6 4. Bxc6 dxc6 5. O-O f6 6. d4 Bg4 7. c3 Qe7 8. h3 Bh5 9. Nbd2 Nh6 10. b4 O-O-O 11.
Qb3 Bxf3 12. Nxf3 exd4 13. Bxh6 gxh6 14. Nxd4 Qxe4 15. Ne6 Rg8 16. g3 Rd2 17. Nf4 Rxg3+ 18. fxg3 Qe3+ 19. Kh1 Qe4+ 20. Kg1 Bc5+ 21. bxc5 Qe3+ 22.
Kh1 Qe4+ 1/2-1/2

[Event "*** Titled Tuesday 3|2 Blitz"]
[Site "Chess.com"]
[Date "2015.06.02"]
[Round "3"]
[White "AlexanderL"]
[Black "lorcho"]
[Result "0-1"]
[WhiteElo "2518"]
[BlackElo "2408"]
[TimeControl "180+2"]
[EndTime "11:31:05 PDT"]
[Termination "lorcho won by resignation"]

1. d4 e6 2. Bf4 Nf6 3. e3 c5 4. c3 Nc6 5. Nd2 d5 6. Ngf3 Bd6 7. Bg3 O-O 8. Bd3 b6 9. Ne5 Bxe5 10. dxe5 Nd7 11. f4 f5 12. exf6 Nxf6 13. O-O Bb7 14. Nf3 Qe8 15. Qe2 Qh5 16. Rae1 Rae8 17. h3 Re7 18. Bh4 e5 19. g4 Qe8 20. fxe5 Nxe5 21. Nxe5 Rxe5 22. Bg3 Re6 23. Bf5 Rc6 24. Qh2 Bc8 25.
Bd3 Re6 26. Bf4 Ne4 27. c4 Bb7 28. Rd1 d4 29. exd4 cxd4 30. Bc2 Nc5 31. Bd6 Rxd6 32. Qxd6 Qe3+ 33. Kh2 Rf2+ 0-1

[Event "*** Titled Tuesday 3|2 Blitz"]
[Site "Chess.com"]
[Date "2015.06.02"]
[Round "3"]
[White "Tilicheev_Viacheslav"]
[Black "Viaje"]
[Result "1-0"]
[WhiteElo "2423"]
[BlackElo "2159"]
[TimeControl "180+2"]
[EndTime "11:31:22 PDT"]
[Termination "Tilicheev_Viacheslav won by resignation"]

1. e4 c5 2. Nf3 d6 3. d4 cxd4 4.
Nxd4 Nf6 5. Nc3 a6 6. Bg5 e6 7. f4 Qb6 8. Qd2 Qxb2 9. Rb1 Qa3 10.
e5 dxe5 11. fxe5 h6 12. Bh4 Nfd7 13. Ne4 Qxa2 14. Rd1 Qd5 15. Qe3 Bc5 16. Nxe6 Bb4+ 17.
c3 Qxe6 18. cxb4 O-O 19. Rd6 Qxe5 20. Bc4 Nc6 21. O-O Nb6 22. Nf6+ gxf6 23. Qxh6 Nxc4 24.
Rd3 Bf5 25. Rxf5 Qxf5 26. Rg3+ Qg6 27. Bxf6 1-0

[Event "*** Titled Tuesday 3|2 Blitz"]
[Site "Chess.com"]
[Date "2015.06.02"]
[Round "3"]
[White "megarompa"]
[Black "Aygehovit1992"]
[Result "1-0"]
[WhiteElo "2708"]
[BlackElo "2422"]
[TimeControl "180+2"]
[EndTime "11:31:37 PDT"]
[Termination "megarompa won by resignation"]

1. d4 Nf6 2. Bg5 d5 3. Bxf6 exf6 4. e3 Bd6 5. c4 dxc4 6. Bxc4 O-O 7. Nf3 c5 8. d5 a6 9. a4 b6 10. O-O Bg4 11.
Nbd2 Nd7 12. h3 Bh5 13. Be2 f5 14. Nc4 Nf6 15. Qb3 Rb8 16. Rfd1 Ne4 17. Qd3 b5 18. axb5 axb5 19. Nxd6 Qxd6 20. b3 Rfd8 21. Ra7 h6 22. Ra5 b4 23. Nd4 cxd4 24. Bxh5 Nc3 25. Re1 dxe3 26. Rxe3 Nxd5 27. Rxd5 Qxd5 28. Re8+ Kh7 29.
Qxd5 Rxd5 30. Rxb8 g6 31. Be2 Rd2 32. Bc4 1-0

[Event "*** Titled Tuesday 3|2 Blitz"]
[Site "Chess.com"]
[Date "2015.06.02"]
[Round "3"]
[White "Yaacovn"]
[Black "E-Shaposhnikov"]
[Result "0-1"]
[WhiteElo "2552"]
[BlackElo "2413"]
[TimeControl "180+2"]
[EndTime "11:31:49 PDT"]
[Termination "E-Shaposhnikov won by resignation"]

1. d4 e6 2. Nf3 c5 3. c3 Nc6 4. Bf4 Nf6 5. e3 Be7 6. Na3 Nh5 7. Bg3 cxd4 8. cxd4 Nxg3 9. hxg3 Bxa3 10. bxa3 Qa5+ 11. Qd2 Qxa3 12. Bd3 Qa5 13. Qxa5 Nxa5 14. Kd2 h6 15. g4 Ke7 16. g5 b6 17. Rh5 Bb7 18. Rah1 Bd5 19. a3 Rhg8 20. gxh6 gxh6 21. e4 Bc4 22. g3 Bxd3 23. Kxd3 Rac8 24. Rxh6 Nc4 25. Rh7 Nb2+ 26. Kd2 Nc4+ 27. Kd3 Nb2+ 28. Kd2 Nc4+ 29.
Ke2 Nxa3 30. Ne5 Rcf8 31. Rc1 Nb5 32. Kd3 d6 33. Nc6+ Kd7 34. d5 exd5 35. exd5 Rg5 36. Kc4 Nc7 37. Rd1 b5+ 38. Kb3 a6 39. Rh6 Rxd5 40.
Rc1 Ne6 41. Nb4 Rc5 42. Rd1 a5 43. Nd3 Rd5 44. f4 Rxd3+ 0-1

[Event "*** Titled Tuesday 3|2 Blitz"]
[Site "Chess.com"]
[Date "2015.06.02"]
[Round "3"]
[White "ChadaevNikolay"]
[Black "pKiLz5Rn9b"]
[Result "1-0"]
[WhiteElo "2653"]
[BlackElo "2323"]
[TimeControl "180+2"]
[EndTime "11:31:57 PDT"]
[Termination "ChadaevNikolay won on time"]

1. Nf3 Nf6 2. g3 e6 3. Bg2 d5 4.
O-O Be7 5. d3 O-O 6. Nbd2 b5 7.
e4 c5 8. Re1 Nc6 9. h4 a5 10.
e5 Nd7 11. Nf1 Re8 12. N1h2 b4 13. Ng4 Bf8 14. Bf4 Ba6 15. h5 h6 16. Qc1 Qe7 17.
Qd2 Rac8 18. Rad1 Red8 19. Bh3 c4 20. d4 c3 21. bxc3 bxc3 22. Qc1 Qa3 23. Qe3 Qe7 24. Nxh6+ gxh6 25. Bxh6 Bxh6 26. Qxh6 Qf8 27. Qf4 Nb4 28. Rc1 Nxa2 29. Ra1 Nb4 30. Rec1 Rc6 31. Rxa5 Qg7 32. h6 Qg6 33. Nh4 Qh5 34. Bg4 Qxh4 35. gxh4 1-0

[Event "*** Titled Tuesday 3|2 Blitz"]
[Site "Chess.com"]
[Date "2015.06.02"]
[Round "3"]
[White "GGuseinov"]
[Black "MartinZumsande"]
[Result "1-0"]
[WhiteElo "2497"]
[BlackElo "2325"]
[TimeControl "180+2"]
[EndTime "11:31:57 PDT"]
[Termination "GGuseinov won by resignation"]

1. e4 e6 2. d4 d5 3. Nd2 Nf6 4.
e5 Nfd7 5. Ngf3 c5 6. c3 Nc6 7.
Bd3 g6 8. O-O Bg7 9. Re1 O-O 10.
Nf1 f6 11. exf6 Qxf6 12. Bg5 Qf7 13. Be3 c4 14. Bc2 e5 15. Ng5 Qf6 16. Nxh7 Kxh7 17. Qh5+ Kg8 18. Bxg6 Rd8 19. Bg5 Qd6 20. Qh7+ Kf8 21.
Bh6 Qf6 22. Ng3 Bxh6 23. Nh5 Qe6 24. Re3 Nf6 25. Rf3 Rd6 26. Qxh6+ Ke7 27. Qg7+ Kd8 28. Rxf6 1-0

[Event "*** Titled Tuesday 3|2 Blitz"]
[Site "Chess.com"]
[Date "2015.06.02"]
[Round "3"]
[White "geeeeri"]
[Black "FearNoEvil12"]
[Result "1-0"]
[WhiteElo "2158"]
[BlackElo "1951"]
[TimeControl "180+2"]
[EndTime "11:32:13 PDT"]
[Termination "geeeeri won by resignation"]

1. e4 c5 2. Nf3 d6 3. d4 cxd4 4. Qxd4 Nf6 5. c4 Nc6 6. Qe3 g6 7. Nc3 Bg7 8. Bd3 O-O 9. O-O Bg4 10. Ne1 Ne5 11. f4 Nxd3 12. Qxd3 Rc8 13. Nc2 Be6 14. Ne3 Qb6 15. Kh1 a6 16. Rb1 Rfd8 17. b3 Qa5 18. Bb2 b5 19. f5 bxc4 20. bxc4 Bd7 21. Ncd5 Nxd5 22. Nxd5 Re8 23. f6 exf6 24. Nxf6+ Bxf6 25. Bxf6 Qxa2 26. Ba1 Qxc4 27. Qxd6 Be6 28. Qe5 Kf8 29. Qg7+ Ke7 30. Qf6+ Kf8 31. Rfd1 1-0

[Event "*** Titled Tuesday 3|2 Blitz"]
[Site "Chess.com"]
[Date "2015.06.02"]
[Round "3"]
[White "Cryptochess"]
[Black "Gevorg_Harutjunyan"]
[Result "0-1"]
[WhiteElo "2372"]
[BlackElo "2546"]
[TimeControl "180+2"]
[EndTime "11:32:14 PDT"]
[Termination "Gevorg_Harutjunyan won by resignation"]

1. e4 c6 2. d4 d5 3. Nc3 dxe4 4. Nxe4 Bf5 5. Ng3 Bg6 6. h4 h6 7. Nf3 Nd7 8. h5 Bh7 9. Bd3 Bxd3 10. Qxd3 Ngf6 11.
Bd2 Qc7 12. O-O-O e6 13. Ne4 Be7 14. Nxf6+ Bxf6 15. Rhe1 O-O-O 16. g3 c5 17. Bf4 Qa5 18. Kb1 Nb6 19. c3 c4 20. Qc2 Rd5 21. Be5 Rb5 22.
Bxf6 gxf6 23. Nd2 Kb8 24. Ne4 Nd5 25. Ka1 Rd8 26. Qe2 f5 27. Nc5 Nxc3 28. Qxc4 Nxd1 29. Rxd1 Rxc5 30. Qe2 Rxd4 0-1

[Event "*** Titled Tuesday 3|2 Blitz"]
[Site "Chess.com"]
[Date "2015.06.02"]
[Round "3"]
[White "VovAn1991"]
[Black "stepanosinovsky"]
[Result "1-0"]
[WhiteElo "2457"]
[BlackElo "2275"]
[TimeControl "180+2"]
[EndTime "11:32:17 PDT"]
[Termination "VovAn1991 won by resignation"]

1. e4 e5 2. Nf3 Nc6 3. Bc4 Nf6 4. d3 Be7 5. O-O d5 6. exd5 Nxd5 7. Re1 Bg4 8. h3 Bh5 9. g4 Bg6 10. Nxe5 Nxe5 11. Rxe5 Nb6 12. Bb3 O-O 13. Qf3 Kh8 14. Nc3 f5 15. Qg2 Bd6 16. Re2 fxg4 17. hxg4 Nd7 18.
Ne4 Ne5 19. f4 Bxe4 20. Rxe4 Bc5+ 21. Kf1 Nxd3 22. cxd3 Qxd3+ 23. Re2 Rae8 24. Bc2 Qc4 25. Qf3 g5 26. f5 Rf7 27. Qc3+ Qxc3 28. Rxe8+ Kg7 29.
bxc3 Rd7 30. Bxg5 1-0

[Event "*** Titled Tuesday 3|2 Blitz"]
[Site "Chess.com"]
[Date "2015.06.02"]
[Round "3"]
[White "jup1978"]
[Black "WGMCarlaHeredia"]
[Result "1-0"]
[WhiteElo "2176"]
[BlackElo "2056"]
[TimeControl "180+2"]
[EndTime "11:32:17 PDT"]
[Termination "jup1978 won by resignation"]

1. e4 c6 2. d4 d5 3. Nd2 dxe4 4. Nxe4 Bf5 5. Ng3 Bg6 6. Nh3 e6 7. c3 Bd6 8. Nf4 Nf6 9. Bc4 O-O 10. Nxg6 hxg6 11.
O-O Nbd7 12. Re1 Qc7 13. Nf1 c5 14. dxc5 Bxc5 15. Bb3 Rad8 16. Qf3 Rfe8 17. Bg5 Ne5 18. Qf4 Bd6 19. Qh4 Ned7 20. Rad1 Be7 21. Qh3 Nf8 22.
Ne3 Rxd1 23. Rxd1 Rd8 24. Qf3 Rxd1+ 25. Qxd1 N8d7 26. Bh4 Bf8 27. Bg3 Qc6 28. Ba4 b5 29. Bb3 a5 30. Bc2 Nc5 31. Qd4 Nce4 32. Be5 Nd7 33.
Bxe4 1-0

[Event "*** Titled Tuesday 3|2 Blitz"]
[Site "Chess.com"]
[Date "2015.06.02"]
[Round "3"]
[White "Imre91"]
[Black "GasconJR"]
[Result "1-0"]
[WhiteElo "2561"]
[BlackElo "2302"]
[TimeControl "180+2"]
[EndTime "11:32:29 PDT"]
[Termination "Imre91 won on time"]

1. d4 Nf6 2. c4 g6 3. Nc3 Bg7 4. e4 d6 5. f3 O-O 6. Be3 b6 7. Nge2 c5 8. Qd2 Nc6 9. Rc1 a6 10.
b3 Bb7 11. g3 cxd4 12. Nxd4 Nxd4 13. Bxd4 Nd7 14. Bxg7 Kxg7 15. Qd4+ f6 16. Be2 Qc7 17. O-O Qc5 18. Rfd1 Qxd4+ 19. Rxd4 a5 20. Kf2 Nc5 21.
Ke3 Rfd8 22. Rcd1 Kf7 23. R4d2 f5 24. e5 Ke6 25. exd6 Rxd6 26. Rxd6+ exd6 27. Nb5 Rd8 28.
Nc7+ Kd7 29. Nb5 Ke6 30. f4 Rd7 31. h4 Ne4 32. g4 Ng3 33. Bf3 fxg4 34. Bxg4+ Nf5+ 35. Kf2 d5 36. Nd4+ Kf6 37. Bxf5 gxf5 38. Nf3 Rg7 39.
cxd5 Rd7 40. d6 Ke6 41. Ng5+ Kf6 42. Nxh7+ 1-0

[Event "*** Titled Tuesday 3|2 Blitz"]
[Site "Chess.com"]
[Date "2015.06.02"]
[Round "3"]
[White "Tirantes"]
[Black "1random"]
[Result "1-0"]
[WhiteElo "2137"]
[BlackElo "2030"]
[TimeControl "180+2"]
[EndTime "11:32:31 PDT"]
[Termination "Tirantes won by resignation"]

1. Nf3 Nf6 2. c4 e6 3. Nc3 d5 4. d4 dxc4 5. Bg5 Bb4 6. e4 c5 7. dxc5 Qxd1+ 8. Rxd1 O-O 9. Nd2 Nbd7 10. f3 Nxc5 11.
Nxc4 Na4 12. Bd2 Nxc3 13. Bxc3 Be7 14. Ne5 Ne8 15. Be2 f6 16. Nc4 e5 17. Ne3 Be6 18.
Nd5 Bc5 19. Bc4 Nd6 20. Bb3 Kf7 21. Ke2 Nb5 22. Rd3 Nd4+ 23. Bxd4 Bxd4 24. Nc7 Bxb3 25. Rxb3 Rab8 26. Nb5 Bb6 27. Rd1 Rfd8 28. Rbd3 Ke7 29. Rxd8 Rxd8 30. Rxd8 Bxd8 31. Nxa7 Bb6 32. Nc8+ 1-0

[Event "*** Titled Tuesday 3|2 Blitz"]
[Site "Chess.com"]
[Date "2015.06.02"]
[Round "3"]
[White "wonderfultime"]
[Black "jlandaw"]
[Result "1-0"]
[WhiteElo "2521"]
[BlackElo "2308"]
[TimeControl "180+2"]
[EndTime "11:32:37 PDT"]
[Termination "wonderfultime won by resignation"]

1. d4 Nf6 2. c4 e6 3. Nf3 b6 4.
a3 d5 5. cxd5 exd5 6. Nc3 Be7 7.
Bf4 c6 8. e3 O-O 9. h3 Bf5 10.
Bd3 Bxd3 11. Qxd3 Re8 12. O-O Bd6 13. Be5 Qe7 14. Rac1 Nbd7 15. Bxd6 Qxd6 16. Rc2 c5 17.
dxc5 bxc5 18. Rd1 Nb6 19. Rcd2 Rad8 20. Qb5 Rb8 21. Qa6 Qc7 22. Rc2 Qb7 23. Qb5 Rec8 24.
Qe2 a5 25. Qb5 Nc4 26. Qxb7 Rxb7 27. Nxd5 Nxb2 28. Rxb2 Rxb2 29. Ne7+ Kf8 30. Nxc8 Rb3 31. Rd8+ Ne8 32. Ne5 f6 33. Nd7+ Kf7 34. Nxc5 Rxa3 35. Rd7+ Kg6 36. Ne7+ Kh6 37. Ne6 Ra1+ 38. Kh2 Ra2 39.
Rd8 Rxf2 40. Rxe8 Re2 41. Ra8 g6 42. Rxa5 g5 43. Ra6 Rxe3 44. Nf5+ 1-0

[Event "*** Titled Tuesday 3|2 Blitz"]
[Site "Chess.com"]
[Date "2015.06.02"]
[Round "3"]
[White "kleinebeer98"]
[Black "alexsuper1987"]
[Result "1-0"]
[WhiteElo "2274"]
[BlackElo "2071"]
[TimeControl "180+2"]
[EndTime "11:32:43 PDT"]
[Termination "kleinebeer98 won by resignation"]

1. e4 Nc6 2. Nf3 f5 3. exf5 d5 4. d4 Bxf5 5. Bd3 Bg4 6. c3 e5 7. dxe5 Bxf3 8. Qxf3 Nxe5 9. Qh5+ Nf7 10. O-O Nf6 11.
Qh3 Be7 12. Nd2 Qd7 13. Qg3 O-O-O 14. Nb3 Bd6 15. f4 g5 16. Nd4 gxf4 17. Bxf4 Ne4 18. Bxe4 dxe4 19. Rae1 Rdg8 20. Qe3 Bxf4 21. Rxf4 Nd6 22.
Ne2 h5 23. Qxa7 Qh3 24. Ng3 Qe6 25. Nxe4 Rxg2+ 26. Kxg2 Rg8+ 27. Ng3 Qd5+ 28. Kh3 Kd7 29. Qa4+ b5 30. Qd4 Qc6 31. Qd3 Qc5 32. Qh7+ 1-0

[Event "*** Titled Tuesday 3|2 Blitz"]
[Site "Chess.com"]
[Date "2015.06.02"]
[Round "3"]
[White "dabee"]
[Black "GMG"]
[Result "0-1"]
[WhiteElo "2365"]
[BlackElo "2471"]
[TimeControl "180+2"]
[EndTime "11:32:47 PDT"]
[Termination "GMG won by checkmate"]

1. d4 d5 2. Nf3 a6 3. Bf4 Nf6 4. e3 Bf5 5. c4 e6 6. Nc3 c6 7.
Qb3 b5 8. cxb5 axb5 9. a4 b4 10. Na2 Qa5 11. Nc1 Nbd7 12. Be2 c5 13. dxc5 Nxc5 14.
Qd1 b3+ 15. Qd2 Nd3+ 16. Nxd3 Ne4 17. Qxa5 Rxa5 18. Nd4 g5 19. Bg3 Bg6 20. Nxb3 Ra8 21. f3 Nxg3 22. hxg3 Bg7 23. Nbc5 O-O 24. Kd2 Rfb8 25.
Ra2 e5 26. e4 f5 27. exf5 Bxf5 28. g4 Bg6 29. Nd7 Re8 30. Nb6 Rad8 31. Nc5 e4 32.
Ne6 Rxe6 33. a5 Bd4 34. Nxd5 Rxd5 35. Bc4 Red6 36. a6 Ba7+ 37. Ke2 exf3+ 38. Kxf3 Rf6+ 39. Kg3 Bf7 40. Bxd5 Bb8+ 41. Kh3 Rh6# 0-1